cohdb
Replays
Latest Replays
All Replays
Popular Replays
Top Player Replays
Match Explorer
How It Works
Community
CoH3 Stats
Reddit
Sign in to upload your games and track your stats! →
Sign in with Steam
Match 38128569
Unlisted
Match 38128569
Overview
Messages
Build Orders
End
Construct Barracks
Riflemen Squad
1⁄4-ton 4x4 Truck
Riflemen Squad
Grenade Package
Riflemen Squad
Construct Weapon Support Center
Construct Medical Station
Air Support Center
Grasshopper Recon Run
P-47 Dive Bomb
P-47 Strafing Run
Selects Advanced Infantry Battlegroup
Selects Convert to Ranger Squad
Selects Frontline Medical Station
Frontline Medical Station
P-47 Dive Bomb
P-47 Strafing Run
M1918 Browning Automatic Rifles
Grasshopper Recon Run
P-47 Dive Bomb
Construct Motor Pool
Selects Infantry Assault
M1 Anti-tank Gun Team
Air Supremacy
P-47 Strafing Run
Engineer Squad
Selects Ammunition Storage
Grasshopper Recon Run
P-47 Dive Bomb
Air Supply
Selects M2A1 105mm Howitzer Emplacement
Selects Free Fire Drills
Grasshopper Recon Run
P-47 Strafing Run
Construct Tank Depot
M1 Anti-tank Gun Team
P-47 Dive Bomb
P-47 Strafing Run
AI Takeover
>>>---[APACHON]--->
피그말랑효과
Lennox
Fundermerwe
拜者为叩
Kelish
皮皮
熊猫Real tiger
0
0
Comments
sign in to comment!
No comments posted yet!